 Dungeon Crawl Stone Soup version 0.29-a0-872-g797fff5ad1 (webtiles) character file.

Game seed: 5591476110131473973

2867 flotson the Trooper (level 9, -6/69 HPs)
             Began as a Demonspawn Delver on July 18, 2022.
             Was an Initiate of Gozag.
             Mangled by a slime creature (15 damage)
             ... on level 7 of the Dungeon.
             The game lasted 00:16:59 (7941 turns).

flotson the Trooper (Demonspawn Delver)             Turns: 7941, Time: 00:16:59

Health: -6/69      AC: 15    Str: 17    XL:     9   Next: 47%
Magic:  9/9        EV: 12    Int: 12    God:    Gozag
Gold:   721        SH:  0    Dex: 14    Spells: 8/8 levels left

rFire   . . .      SeeInvis .   a - +0 spear
rCold   . . .      Faith    .   (no shield)
rNeg    . . .      Spirit   .   y - +0 ring mail
rPois   .          Reflect  .   j - +0 helmet
rElec   .          Harm     .   i - +2 cloak
rCorr   .          Rampage  .   (no gloves)
Will    .....                   F - +2 pair of boots {Fly}
Stlth   ++........              (no amulet)
HPRegen 0.21/turn               (no ring)
MPRegen 0.11/turn               (no ring)

@: about to teleport, flying
A: thin metallic scales 1, powered by death 3, demonic touch 1
a: Renounce Religion, Potion Petition, Call Merchant, Bribe Branch


You were on level 7 of the Dungeon.
You worshipped Gozag.
Gozag was pleased with you.
You visited 2 branches of the dungeon, and saw 8 of its levels.

You collected 814 gold pieces.
You paid 93 gold pieces to Gozag.

Inventory:

Hand Weapons
 a - a +0 spear (weapon)
 b - a +0 sling
Missiles
 h - 9 poisoned darts (quivered)
 k - 62 stones
 l - 6 atropa-tipped darts
 D - 3 boomerangs
Armour
 i - a +2 cloak (worn)
 j - a +0 helmet (worn)
 y - a +0 ring mail (worn)
 F - a +2 pair of boots of flying (worn)
Wands
 g - a wand of digging (6)
 m - a wand of light (7)
 I - a wand of roots (16)
 J - a wand of flame (17)
Scrolls
 c - 4 scrolls of fog
 d - a scroll of magic mapping
 n - 4 scrolls of blinking {unknown}
 o - a scroll of amnesia {unknown}
 q - 2 scrolls of vulnerability {unknown}
 r - 6 scrolls of teleportation
 u - a scroll of acquirement {unknown}
 w - a scroll of summoning {unknown}
 x - 12 scrolls of identify {unknown}
 C - 2 scrolls of noise {unknown}
 E - a scroll of enchant weapon {unknown}
Potions
 e - a potion of attraction {unknown}
 f - 3 potions of degeneration {unknown}
 p - a potion of flight {unknown}
 t - 2 potions of curing
 v - a potion of resistance {unknown}
 z - 3 potions of mutation {unknown}
 A - 4 potions of heal wounds {unknown}
 B - a potion of invisibility {unknown}
 G - a potion of lignification {unknown}
 H - a potion of cancellation {unknown}


   Skills:
 + Level 6.0 Fighting
 + Level 4.6(4.8) Axes
 - Level 1.7(3.4) Polearms
 + Level 4.8 Throwing
 + Level 4.6 Armour
 + Level 5.1 Dodging
 - Level 4.5 Stealth
 + Level 5.2 Evocations


You had 8 spell levels left.
You didn't know any spells.
Your spell library contained the following spells:

 Spells                   Type           Power      Damage    Failure   Level
 Freeze                   Ice            0%         1d3       50%         1
 Call Canine Familiar     Summ           0%         N/A       86%         3
 Dazzling Flash           Conj/Hex       0%         N/A       86%         3
 Gell's Gravitas          Tloc           0%         N/A       86%         3
 Lesser Beckoning         Tloc           0%         N/A       86%         3
 Portal Projectile        Hex/Tloc       0%         N/A       86%         3
 Teleport Other           Tloc           0%         N/A       86%         3
 Leda's Liquefaction      Hex/Erth       0%         N/A       99%         4
 Agony                    Necr           0%         N/A       100%        5
 Silence                  Hex/Air        0%         N/A       100%        5
 Summon Forest            Summ/Tloc      0%         N/A       100%        5
 Summon Mana Viper        Hex/Summ       0%         N/A       100%        5
 Summon Cactus Giant      Summ           0%         N/A       100%        6


Dungeon Overview and Level Annotations

Branches:
Dungeon (7/15)             Temple (1/1) D:4

Altars:
Cheibriados
Gozag
Hepliaklqana
Makhleb
Okawaru
Qazlal
Ru
Sif Muna
Trog
Uskayaw
Vehumet
Wu Jian
Xom


Innate Abilities, Weirdness & Mutations

You are partially covered in thin metallic scales. (AC +2)
You regenerate a lot of health from kills.
Your touch may inflict minor irresistible damage on your foes.


Message History

The troll barely misses you. The troll closely misses you. The troll claws you!
* * * LOW HITPOINT WARNING * * *
Two slime creatures merge to form a large slime creature.
Two slime creatures merge to form a very large slime creature.
The troll is no longer blind.
Okay, then.
Unknown command.
Okay, then.
Unknown command.
Unknown command.
You feel yourself speed up. The troll completely misses you.
The troll claws you but does no damage. The troll misses you.
Your extra speed is starting to run out.
You feel yourself slow down.
The slime creature quivers.
A slime creature comes into view.
Okay, then.
Unknown command.
Okay, then.
Unknown command.
The slime creature quivers.
Aiming: Dig
Press: ? - help, Shift-Dir - straight line A rock wall.
The rock shatters into small pieces.
The slime creature attacks as you move away!
The slime creature hits you.
* * * LOW HITPOINT WARNING * * *
The slime creature attacks as you move away!
The slime creature hits you!
* * * LOW HITPOINT WARNING * * *
A slime creature comes into view.
The slime creature quivers.
Okay, then.
Okay, then.
As you read the scroll labelled GUPTOSCHUCOU, it crumbles to dust.
You feel strangely unstable.
It was a scroll of teleportation.
The slime creature hits you!
You die...
Your body crumbles into a pile of gold.

............# ######.##.# #.#
............### #......##.# #.#
..............####.##[..)..#
#.#
.................[.##.######
#.# ###................##.# #.#
#................##.### #.#
#................'.JJ.#######.#
#####...........J##.#.#.....#.#
#.........@..##J#.#.###.#.#
#.......###J###.#.#.###.#.#
######### ##.##.#J#.#.....#
###########J#.#J#.#.#.###
#.............#.#.#.#.#
#.#############.#.#.#.# #.#
####T#.#.#.# #.# #....#.#...#
#.# #.####.#.#.#


You could see 4 slime creatures.

Vanquished Creatures
  A two-headed ogre (D:6)
  Grinder (D:5)
  Sigmund (D:2)
  Eustachio (D:4)
  2 steam dragons
  An ice beast (D:7)
  An orc warrior (D:7)
  2 black bears
  A sky beast (D:6)
  An ogre (D:4)
  2 centaurs
  A bullfrog (D:7)
  2 scorpions
  A howler monkey (D:6)
  2 hounds (D:6)
  An orc priest (D:5)
  A gnoll bouda (D:6)
  2 iguanas
  8 orc wizards
  8 gnolls
  4 adders
  A shadow imp (D:5)
  2 ufetubi
  A worm (D:2)
  2 dart slugs
  12 orcs
  7 ball pythons
  9 endoplasms
  4 giant cockroaches
  12 goblins
  10 hobgoblins
  2 jackals (D:2)
  4 quokkas
  4 bats
  2 frilled lizards
  6 kobolds
  15 rats
137 creatures vanquished.

Vanquished Creatures (others)
  A wizard (D:7)
1 creature vanquished.

Grand Total: 138 creatures vanquished

Notes
Turn   | Place    | Note
-------+----------+-------------------------------------------
     0 | D:5      | flotson the Demonspawn Delver began the quest for the Orb.
     0 | D:5      | Reached XP level 1. HP: 18/18 MP: 1/1
    13 | D:5      | Noticed a black bear
   121 | D:5      | Gained mutation: You are partially covered in thin metallic
                  | scales. (AC +2) [demonic ancestry]
   121 | D:5      | Reached XP level 2. HP: 18/24 MP: 2/2
   529 | D:2      | Noticed Sigmund
   643 | D:3      | Reached XP level 3. HP: 27/29 MP: 3/3
   702 | D:3      | Reached skill level 1 in Armour
   702 | D:3      | Reached skill level 1 in Evocations
  1070 | D:1      | Upgraded the game from 0.29-a0-870-g2c972031a6 to
                  | 0.29-a0-872-g797fff5ad1
  1180 | D:1      | Reached skill level 1 in Axes
  1364 | D:1      | Reached skill level 1 in Throwing
  1735 | D:1      | Gained mutation: You regenerate a little health from kills.
                  | [demonic ancestry]
  1735 | D:1      | Reached XP level 4. HP: 35/35 MP: 4/4
  2052 | D:2      | Killed Sigmund
  2053 | D:2      | Gained mutation: Your touch may inflict minor irresistible
                  | damage on your foes. [demonic ancestry]
  2053 | D:2      | Reached XP level 5. HP: 41/42 MP: 5/5
  2420 | D:2      | Found a faded altar of an unknown god.
  3065 | D:3      | Reached XP level 6. HP: 48/48 MP: 6/6
  3619 | D:4      | Reached skill level 4 in Fighting
  3642 | D:4      | Identified the +0 plate armour of Keliaw {*Corrode rF+ rN+
                  | Int+3}
  3755 | D:4      | Found a staircase to the Ecumenical Temple.
  3765 | Temple   | Entered the Ecumenical Temple
  3773 | Temple   | Became a worshipper of Gozag Ym Sagoz the Greedy
  4153 | D:4      | Noticed Eustachio
  4168 | D:4      | Killed Eustachio
  4169 | D:4      | Gained mutation: You regenerate health from kills. [demonic
                  | ancestry]
  4169 | D:4      | Reached XP level 7. HP: 48/54 MP: 7/7
  4414 | D:5      | Noticed Grinder
  4429 | D:5      | Killed Grinder
  4845 | D:5      | Found a shimmering blue altar of Sif Muna.
  5073 | D:5      | Gained mutation: You regenerate a lot of health from kills.
                  | [demonic ancestry]
  5073 | D:5      | Reached XP level 8. HP: 61/61 MP: 8/8
  5637 | D:5      | Got Sif Muna's Compendium of Ice
  5865 | D:6      | Noticed a two-headed ogre
  6224 | D:6      | Killed a two-headed ogre
  6225 | D:6      | Reached skill level 5 in Fighting
  6379 | D:6      | Reached XP level 9. HP: 10/68 MP: 9/9
  7285 | D:7      | Reached skill level 5 in Evocations
  7376 | D:7      | Reached skill level 5 in Dodging
  7565 | D:7      | Noticed a troll
  7641 | D:7      | Found a bloodstained altar of Trog.
  7643 | D:7      | Noticed a wizard
  7648 | D:7      | Killed a wizard
  7738 | D:7      | Reached skill level 6 in Fighting
  7941 | D:7      | Mangled by a slime creature

Illustrated notes

Levels and vault maps discovered:
D:1:      shiori_arrival_maze, layout_loops_cross
D:2:      layout_basic, chequers_ecumenical_altar_simple, minmay_tall_x,
          uniq_sigmund
D:3:      layout_loops_ring, minmay_misc_feat_encased, minmay_surrounded
D:4:      layout_basic, temple_hall, uniq_eustachio
D:5:      layout_basic, led_sif_book, uniq_grinder
D:6:      layout_gridville, hangedman_abyss_or_decor_passed
D:7:      layout_basic, trog_wizard, gammafunk_ghost_abyssal_escape
Temple:   hellmonk_temple_two_chambers

Skill      XL: |  1  2  3  4  5  6  7  8  9 |
---------------+----------------------------+-----
Dodging        | 2 3 4 5 |  5.1
Armour         | 1 2 3 4 |  4.6
Evocations     | 1 2 3 4 5 |  5.2
Axes           | 1 2 3 4 |  4.6
Throwing       | 1 2 3 4 |  4.8
Fighting       | 4 5 6 |  6.0
Polearms       | |  1.7
Stealth        | |  4.5

Action                   |  1- 3 |  4- 6 |  7- 9 || total
-------------------------+-------+-------+-------++-------
Melee: Spear             |   167 |    33 |   302 ||   502
       Punch             |     1 |       |     4 ||     5
       Touch             |       |     9 |    52 ||    61
 Fire: Sling             |       |   151 |       ||   151
Throw: Dart              |       |    13 |    14 ||    27
Evoke: Wand              |     1 |     2 |    13 ||    16
  Use: Potion            |     1 |     1 |     4 ||     6
       Scroll            |       |       |     2 ||     2
 Stab: Sleeping          |    11 |       |     2 ||    13
       Invisible         |       |     1 |     2 ||     3
Armor: Leather armour    |    58 |    26 |       ||    84
       Ring mail         |       |    79 |   153 ||   232
Dodge: Dodged            |    71 |   143 |   184 ||   398

Table legend: (Time is in decaauts)
 A = Elapsed time spent in this place.
 B = Non-inter-level travel time spent in this place.
 C = Inter-level travel time spent in this place.
 D = Time resting spent in this place.
 E = Time spent auto-exploring this place.
 F = Levels seen in this place.
 G = Mean time per level.
                   A        B        C        D        E       F      G
               +--------+--------+--------+--------+--------+-----+--------+
         Total |   7961 |   7577 |    384 |    499 |   5533 |   8 |  995.1 |
       Dungeon |   7946 |   7568 |    378 |    499 |   5533 |   7 | 1135.1 |
        Temple |     14 |      8 |      6 |      0 |      0 |   1 |   14.0 |
               +--------+--------+--------+--------+--------+-----+--------+

Top non-repeatable levels by time:
     D:5: 1914 daAuts
     D:2: 1156 daAuts
     D:3: 1141 daAuts
     D:6: 1095 daAuts
     D:4: 1065 daAuts
     D:1: 904 daAuts
     D:7: 668 daAuts
  Temple: 14 daAuts
